 Dungeon Crawl Stone Soup version 0.30-a0-263-ge22c4ad894 (webtiles) character file.

Game seed: 13941595088849818010

48408 Iusername the Warrior (level 14, -11/135 HPs)
             Began as a Minotaur Fighter on Oct 13, 2022.
             Was an Initiate of Gozag.
             Mangled by a cane toad (22 damage)
             ... on level 5 of the Lair of Beasts.
             The game lasted 00:29:54 (18385 turns).

Iusername the Warrior (Minotaur Fighter)           Turns: 18385, Time: 00:29:55

Health: -11/135    AC:  6    Str: 31    XL:     14   Next: 12%
Magic:  0/13       EV:  8    Int:  5    God:    Gozag
Gold:   3976       SH:  0    Dex: 19    Spells: 13/13 levels left

rFire   + . .      SeeInvis .    E - +6 halberd (flame)
rCold   . . .      Faith    .    (shield currently unavailable)
rNeg    + . .      Spirit   +    n - +0 plate armour
rPois   +          Reflect  .    w - +1 hat
rElec   .          Harm     .    (no cloak)
rCorr   .          Rampage  .    a - +1 pair of gloves {Stlth+}
Will    +....                    O - +0 pair of boots
Stlth   ..........               D - amulet of guardian spirit
HPRegen 0.42/turn                g - +6 ring of strength
MPRegen 0.13/turn                L - ring "Quckiab" {rPois rF+ rN+ Dex+8 Stlth-}

@: corroded, gold aura
A: horns 2, retaliatory headbutt
a: Renounce Religion, Potion Petition, Call Merchant, Bribe Branch


You were on level 5 of the Lair of Beasts.
You worshipped Gozag.
Gozag was most pleased with you.
You visited 3 branches of the dungeon, and saw 17 of its levels.
You also visited: Ossuary.

You collected 4314 gold pieces.
You spent 260 gold pieces at shops.
You paid 78 gold pieces to Gozag.

Inventory:

Hand Weapons
 E - a +6 halberd of flaming (weapon)
Missiles
 c - 7 javelins (quivered)
Armour
 a - a +1 pair of gloves of stealth (worn)
 n - a +0 plate armour (worn)
 r - the +3 salamander hide armour {Flames rF++ rC--}
   (You found it on level 3 of the Dungeon)

   It surrounds you with a cloud of flames.
   It grants immunity to clouds of flame.
   It enhances your fire magic.
   rF:        It greatly protects you from fire.
   rC:        It makes you very vulnerable to cold.
 w - a +1 hat (worn)
 O - a +0 pair of boots (worn)
Jewellery
 g - a +6 ring of strength (left hand)
 v - a ring of poison resistance
 D - an amulet of guardian spirit (around neck)
 J - a ring of ice
 L - the ring "Quckiab" (right hand) {rPois rF+ rN+ Dex+8 Stlth-}
   (You found it on level 1 of the Lair of Beasts)

   [ring of positive energy]

   Dex:       It affects your dexterity (+8).
   rF:        It protects you from fire.
   rPois:     It protects you from poison.
   rN:        It protects you from negative energy.
   Stlth:     It makes you less stealthy.
Wands
 d - a wand of mindburst (11)
 f - a wand of charming (7)
 B - a wand of roots (22)
 C - a wand of digging (8)
 G - a wand of flame (10)
 H - a wand of polymorph (6)
Scrolls
 e - 10 scrolls of teleportation
 j - 2 scrolls of brand weapon
 o - 2 scrolls of amnesia
 q - 4 scrolls of poison
 u - a scroll of noise
 y - 3 scrolls of magic mapping
 z - a scroll of fog {unknown}
 A - a scroll of vulnerability
 F - a scroll of fear
 N - a scroll of immolation {unknown}
Potions
 b - 2 potions of ambrosia
 h - 4 potions of attraction
 i - 2 potions of curing
 k - 7 potions of lignification
 l - 5 potions of mutation
 p - 5 potions of brilliance
 s - 3 potions of flight
 t - 2 potions of invisibility
 x - 4 potions of magic
 I - a potion of resistance {unknown}
 P - a potion of degeneration {unknown}


   Skills:
 + Level 15.2 Fighting
 + Level 15.0 Polearms
 + Level 15.2 Armour
 + Level 15.2 Shields


You had 13 spell levels left.
You didn't know any spells.
Your spell library contained the following spells:

 Spells                   Type           Power      Damage    Failure   Level
 Beastly Appendage        Tmut           0%         N/A       95%         1
 Freeze                   Ice            0%         1d3       95%         1
 Kiss of Death            Conj/Necr      0%         2d5       95%         1
 Slow                     Hex            0%         N/A       95%         1
 Sting                    Tmut/Pois      0%         1d3       95%         1
 Poisonous Vapours        Pois/Air       0%         N/A       99%         2
 Wereblood                Tmut           0%         N/A       99%         2
 Confusing Touch          Hex            0%         N/A       100%        3
 Dazzling Flash           Conj/Hex       0%         N/A       100%        3
 Frozen Ramparts          Ice            0%         1d1       100%        3
 Gell's Gravitas          Tloc           0%         N/A       100%        3
 Hailstorm                Conj/Ice       0%         3d3       100%        3
 Ignite Poison            Fire/Tmut/Pois 0%         N/A       100%        3
 Kindle Blastsparks       Fire/Tloc/Air  0%         2d10      100%        3
 Ozocubu's Armour         Ice            0%         N/A       100%        3
 Spider Form              Tmut/Pois      0%         N/A       100%        3
 Teleport Other           Tloc           0%         N/A       100%        3
 Dispel Undead            Necr           0%         3d6       100%        4
 Olgreb's Toxic Radiance  Pois           0%         N/A       100%        4
 Freezing Cloud           Conj/Ice/Air   0%         6-21      100%        5
 Metabolic Englaciation   Hex/Ice        0%         N/A       100%        5
 Silence                  Hex/Air        0%         N/A       100%        5
 Dispersal                Tloc           0%         N/A       100%        6
 Enfeeble                 Hex            0%         N/A       100%        7
 Simulacrum               Ice/Necr       Unusable   N/A       N/A         6

Dungeon Overview and Level Annotations

Branches:
Dungeon (11/15)            Temple (1/1) D:4            Lair (5/5) D:10
  Swamp (0/4) Lair:3        Snake (0/4) Lair:2        Slime (0/5) Lair:4
    Orc (0/2) D:10        Ossuary (visited)

Altars:
Ashenzari
Cheibriados
Dithmenos
Elyvilon
Fedhas
Gozag
Hepliaklqana
Kikubaaqudgha
Makhleb
Nemelex Xobeh
Qazlal
Ru
Trog
Uskayaw
Wu Jian
Xom
Yredelemnul
Zin
The Shining One

Shops:
D:4 !

Annotations:
D:9 2 transporters, spaghetti's ghost, novice OpSu
Temple 4 transporters


Innate Abilities, Weirdness & Mutations

You have a pair of horns on your head.
You reflexively headbutt those who attack you in melee.


Message History

You feel better.
You feel better.
You hit the tyrant leech but do no damage.
You barely miss the tyrant leech.
You headbutt the tyrant leech, but do no damage.
The tyrant leech bites you!
* * * LOW HITPOINT WARNING * * *
The tyrant leech draws strength from your injuries!
You puncture the tyrant leech! You burn the tyrant leech.
Your headbutt misses the tyrant leech.
The tyrant leech is moderately wounded.
You puncture the tyrant leech! You burn the tyrant leech.
The tyrant leech is severely wounded.
The tyrant leech bites you but does no damage.
You puncture the tyrant leech! You burn the tyrant leech.
The tyrant leech is almost dead.
A cane toad comes into view.
The tyrant leech is distracted by your dazzling golden aura.
The cane toad croaks.
You slice the tyrant leech!! You burn the tyrant leech.
You kill the tyrant leech!
You hear a croak.
You see here 20 gold pieces.
You see here 9 gold pieces.
The cane toad stings you but does no damage.
You hit the cane toad. You burn the cane toad.
You headbutt the cane toad, but do no damage.
The cane toad is lightly wounded.
The cane toad closely misses you. You furiously retaliate!
You headbutt the cane toad, but do no damage.
You puncture the cane toad! You burn the cane toad.
The cane toad is heavily wounded.
The cane toad stings you!!
* * * LOW HITPOINT WARNING * * *
You closely miss the cane toad.
You headbutt the cane toad, but do no damage.
The cane toad is moderately wounded.
The cane toad stings you!!
You die...
Your body crumbles into a pile of gold.

......~~~.#~~~~≈≈≈≈≈~≈~~
......~~.###~~≈≈≈~~~~~~~.
.....~.~≈##~~~≈≈~~~~~≈~.~
.......~~##~~~~≈P≈~P~~.~#
........###~~~~≈~~~~~...#
.....~~.#~≈~~~≈~≈~~~....#
........##~~.~~..~~~..~.#
.....####~.~....F....~...
........####....@.$......
................$........
...................P.....
.................##..#+..
.................# #.P.##
.................## ....
..................# ...#
.................## .P.#
.................#


You could see a cane toad.

Vanquished Creatures
  Gastronok (D:11)
  2 hydras
  4 two-headed ogres
  Urug (Lair:1)
  2 fire crabs
  3 skeletal warriors (D:11)
  2 goliath frogs (Lair:5)
  Pikel (D:7)
  2 ugly things
  17 elephants
  Joseph (D:7)
  8 black mambas
  16 cane toads
  An unseen horror (D:6)
  Maggie (D:7)
  2 gargoyles (D:8)
  Psyche (D:11)
  A kobold demonologist (D:10)
  7 rime drakes
  A freezing wraith (D:11)
  A troll (D:6)
  6 komodo dragons
  A polar bear (Lair:3)
  2 tyrant leeches (Lair:5)
  23 blink frogs
  3 hornets
  A shadow (D:10)
  4 wyverns
  2 wraiths
  31 yaks
  5 vampire mosquitoes
  A basilisk (D:11)
  2 steam dragons
  2 wargs (D:10)
  17 water moccasins
  Duvessa (D:4)
  An ice beast (D:7)
  5 orc warriors
  A sky beast (D:7)
  A black bear (D:6)
  16 wolves
  An ogre (D:4)
  3 kobold brigands
  A lemure (D:7)
  A phantom (D:10)
  15 bullfrogs
  A gnoll sergeant (D:8)
  3 necrophages
  2 scorpions (D:5)
  4 water moccasin zombies (Ossuary)
  8 wights
  Dowan (D:4)
  3 troll zombies (D:10)
  5 howler monkeys
  An electric eel (Lair:2)
  2 hounds
  7 orc priests
  3 iguanas
  9 orc wizards
  5 ogre zombies (D:10)
  2 mummies (Ossuary)
  12 gnolls
  4 adders
  4 shadow imps
  A white imp (D:6)
  An ufetubus (D:5)
  6 adder zombies (Ossuary)
  5 worms
  2 dart slugs
  39 orcs
  10 bats
  8 endoplasms
  5 giant cockroaches
  9 goblins
  4 hobgoblins (D:1)
  A jackal (D:2)
  19 kobolds
  3 quokkas
  11 ball pythons
  4 frilled lizards
  3 goblin skeletons (D:10)
  3 goblin zombies
  2 hobgoblin skeletons (D:10)
  8 hobgoblin zombies
  6 kobold zombies (Ossuary)
  3 orc skeletons (D:10)
  15 orc zombies
  7 rats
  A rat zombie (D:8)
  A fire vortex (Lair:1)
  A plant (Lair:5)
475 creatures vanquished.

Vanquished Creatures (others)
  A bush (Lair:5)
  30 fungi
  76 plants
107 creatures vanquished.

Grand Total: 582 creatures vanquished

Notes
Turn   | Place    | Note
-------+----------+-------------------------------------------
     0 | D:1      | Iusername the Minotaur Fighter began the quest for the Orb.
     0 | D:1      | Reached XP level 1. HP: 19/19 MP: 0/0
    49 | D:1      | Reached XP level 2. HP: 27/27 MP: 1/1
   376 | D:1      | Reached XP level 3. HP: 31/33 MP: 2/2
  1133 | D:2      | Reached XP level 4. HP: 40/40 MP: 3/3
  1466 | D:3      | Found the +3 salamander hide armour {Flames rF++ rC--}
  1506 | D:3      | Found a hazy altar of Hepliaklqana.
  2147 | D:4      | Noticed Duvessa
  2147 | D:4      | Noticed Dowan
  2156 | D:4      | Killed Duvessa
  2157 | D:4      | Reached XP level 5. HP: 37/47 MP: 4/4
  2158 | D:4      | Killed Dowan
  2159 | D:4      | Reached skill level 5 in Fighting
  2159 | D:4      | Reached skill level 5 in Armour
  2159 | D:4      | Reached skill level 5 in Shields
  2186 | D:4      | Reached XP level 6. HP: 54/56 MP: 5/5
  2215 | D:4      | Found Neogitel's Distillery.
  2292 | D:4      | Reached skill level 5 in Polearms
  2293 | D:4      | Reached XP level 7. HP: 23/62 MP: 6/6
  2644 | D:4      | Found a staircase to the Ecumenical Temple.
  3063 | Temple   | Entered the Ecumenical Temple
  3063 | Temple   | Found a transporter.
  3063 | Temple   | Found a transporter.
  3065 | Temple   | Found a transporter.
  3065 | Temple   | Found a transporter.
  3081 | Temple   | Became a worshipper of Gozag Ym Sagoz the Greedy
  3113 | D:5      | Entered Level 5 of the Dungeon
  3165 | D:5      | Reached XP level 8. HP: 71/71 MP: 7/7
  3226 | D:5      | Found a bloodstained altar of Trog.
  3274 | D:5      | Found a shadowy altar of Dithmenos.
  3715 | D:6      | Noticed a troll
  3722 | D:6      | Killed a troll
  3758 | D:6      | Killed an unseen horror
  3921 | D:6      | Got the Compilation of Hexes
  4076 | D:6      | Reached XP level 9. HP: 81/81 MP: 8/8
  4581 | D:7      | Noticed Joseph
  4592 | D:7      | Killed Joseph
  4906 | D:7      | Noticed Maggie
  4913 | D:7      | Killed Maggie
  5102 | D:7      | Noticed Pikel
  5109 | D:7      | Killed Pikel
  5110 | D:7      | Reached XP level 10. HP: 75/91 MP: 9/9
  5381 | D:8      | Found an ancient bone altar of Kikubaaqudgha.
  5662 | D:8      | Found a sand-covered staircase.
  5670 | Ossuary  | Entered an ossuary
  5908 | D:8      | Noticed a gargoyle
  5912 | D:8      | Noticed a green ugly thing
  5915 | D:8      | Paralysed by a hornet for 1 turns
  5921 | D:8      | Killed a green ugly thing
  5922 | D:8      | Reached skill level 10 in Fighting
  5922 | D:8      | Reached skill level 10 in Armour
  5922 | D:8      | Reached skill level 10 in Shields
  5928 | D:8      | Killed a gargoyle
  5942 | D:8      | Noticed a gargoyle
  5949 | D:8      | Killed a gargoyle
  5950 | D:8      | Reached skill level 10 in Polearms
  6212 | D:8      | Found a basalt altar of Yredelemnul.
  6212 | D:8      | Found an ornate altar of the Wu Jian Council.
  6387 | D:8      | Found a stormy altar of Qazlal.
  6738 | D:9      | Found a transporter.
  6742 | D:9      | Found a transporter.
  6742 | D:9      | Noticed spaghetti's ghost (novice OpSu)
  6742 | D:9      | Noticed a two-headed ogre
  6944 | D:9      | Noticed a two-headed ogre
  6950 | D:9      | Killed a two-headed ogre
  7083 | D:9      | Found a broken altar of Ashenzari.
  7372 | D:10     | Entered Level 10 of the Dungeon
  7380 | D:10     | Noticed a two-headed ogre
  7388 | D:10     | Killed a two-headed ogre
  7389 | D:10     | Reached XP level 11. HP: 65/101 MP: 5/10
  7712 | D:10     | Found a staircase to the Orcish Mines.
  7942 | D:10     | Found a staircase to the Lair.
  8625 | D:11     | Noticed a two-headed ogre
  8631 | D:11     | Killed a two-headed ogre
  8702 | D:11     | Noticed Psyche
  8711 | D:11     | Killed Psyche
  8842 | D:11     | Noticed a skeletal warrior
  8845 | D:11     | Noticed a skeletal warrior
  8852 | D:11     | Noticed a skeletal warrior
  8853 | D:11     | Killed a skeletal warrior
  8861 | D:11     | Killed a skeletal warrior
  8869 | D:11     | HP: 2/104 [skeletal warrior/+0 broad axe (6)]
  8872 | D:11     | Killed a skeletal warrior
  9514 | D:11     | Noticed a two-headed ogre
  9519 | D:11     | Killed a two-headed ogre
  9716 | D:11     | Noticed a cyan ugly thing
  9727 | D:11     | Killed a cyan ugly thing
 10537 | D:11     | Noticed Gastronok
 10547 | D:11     | Killed Gastronok
 10548 | D:11     | Reached XP level 12. HP: 99/112 MP: 11/11
 10737 | Lair:1   | Entered Level 1 of the Lair of Beasts
 11136 | Lair:1   | Found a gate leading to a gauntlet.
 11891 | Lair:1   | Identified the ring "Quckiab" {rPois rF+ rN+ Dex+8 Stlth-}
 11908 | Lair:1   | Noticed Urug
 11926 | Lair:1   | Killed Urug
 12670 | D:4      | Bought a potion of haste for 100 gold pieces
 12670 | D:4      | Bought a potion of curing for 30 gold pieces
 12670 | D:4      | Bought 2 potions of heal wounds for 100 gold pieces
 12670 | D:4      | Bought a potion of curing for 30 gold pieces
 12919 | Lair:2   | Found a blossoming altar of Fedhas.
 13045 | Lair:2   | Identified the +9 chain mail of Tesef {rElec rF- Int+4}
 13542 | Lair:2   | Found a staircase to the Snake Pit.
 14626 | Lair:3   | Reached XP level 13. HP: 120/123 MP: 10/12
 14874 | Lair:3   | Found a staircase to the Swamp.
 15109 | Lair:3   | Found the +6 lightning scales {swift, rElec}
 16089 | Lair:4   | Found a staircase to the Slime Pits.
 16746 | Lair:4   | Found a blossoming altar of Fedhas.
 17007 | Lair:5   | Entered Level 5 of the Lair of Beasts
 17868 | Lair:5   | Reached skill level 15 in Shields
 17873 | Lair:5   | Reached skill level 15 in Fighting
 17881 | Lair:5   | Reached skill level 15 in Armour
 18035 | Lair:5   | Reached XP level 14. HP: 97/135 MP: 11/13
 18237 | Lair:5   | Reached skill level 15 in Polearms
 18385 | Lair:5   | Mangled by a cane toad

Illustrated notes

Levels and vault maps discovered:
D:1:      dpeg_arrival_short_road, layout_basic, chequers_serial_rivers_marsh,
          item_on_display_b
D:2:      layout_loops_ring, minmay_close_crescents
D:3:      layout_basic, worldfamousw_hep_ancestral_shrine,
          kennysheep_okawaru_gauntlet, skrybe_limestone_x
D:4:      layout_cave_pools, minmay_temple_entry_stoned_glass, serial_shops,
          nicolae_shop_statue_plus, cheibrodos_sewer_entry_bend, uniq_duvessa
D:5:      layout_rooms, mainiacjoe_overflow_alcove_2,
          mainiacjoe_overflow_six_doors_small
D:6:      minmay_cornered_nines, layout_basic
D:7:      layout_gridville, minmay_misc_feat_plants, uniq_joseph, uniq_maggie,
          uniq_pikel
D:8:      minmay_skewed_foursquare, layout_rooms,
          mainiacjoe_overflow_concentric_impassable,
          mainiacjoe_overflow_divided_tiny, mainiacjoe_overflow_small_starburst,
          enter_ossuary_4, minmay_radiant
D:9:      layout_cave_pods, mainiacjoe_overflow_alcove_4, gammafunk_ghost_arena
D:10:     layout_basic, erik_lair_orcish_takeover, zombieorc2_lemuel,
          minmay_holes
D:11:     layout_loops_cross, uniq_gastronok, uniq_psyche
Temple:   hellmonk_temple_divided_pantheon
Lair:1:   layout_gridlike, gauntlet_entry_generic, grunt_megastairs_1, uniq_urug
Lair:2:   layout_cave_pods, minmay_snake_entry_six_corridors, basic_altar,
          infiniplex_staircase_pool
Lair:3:   layout_hall_layers, minmay_swamp_entry_reptiles, portal_ice_cave_rime
Lair:4:   layout_concentric_octagons, slime_entry_1, basic_altar,
          cheibrodos_lair_reptile_den, lemuel_fruit_tree
Lair:5:   minmay_lair_end_frog_pond, layout_regular_city

Skill      XL: |  1  2  3  4  5  6  7  8  9 10 11 12 13 14 |
---------------+-------------------------------------------+-----
Shields        | 4 5 6 7 9 10 12 13 15 | 15.2
Fighting       | 4 5 6 7 9 10 12 13 15 | 15.2
Armour         | 4 5 6 7 9 10 12 13 15 | 15.2
Polearms       | 3 4 5 6 7 9 10 12 13 14 15 | 15.0

Action                   |  1- 3 |  4- 6 |  7- 9 | 10-12 | 13-15 || total
-------------------------+-------+-------+-------+-------+-------++-------
Melee: Trident           |   127 |    82 |   131 |       |       ||   340
       Headbutt          |    17 |     6 |    18 |    94 |    77 ||   212
       Halberd           |       |       |    20 |   583 |   336 ||   939
  Use: Scroll            |       |     6 |       |    13 |     6 ||    25
       Potion            |       |     2 |     1 |    13 |     7 ||    23
 Stab: Distracted        |       |       |     3 |       |     4 ||     7
Armor: Scale mail        |    43 |    22 |     7 |       |       ||    72
       Plate armour      |       |       |    59 |   310 |   214 ||   583
Dodge: Dodged            |    42 |    24 |    28 |   216 |   143 ||   453
Block: Buckler           |    18 |    22 |    12 |       |       ||    52

Table legend: (Time is in decaauts)
 A = Elapsed time spent in this place.
 B = Non-inter-level travel time spent in this place.
 C = Inter-level travel time spent in this place.
 D = Time resting spent in this place.
 E = Time spent auto-exploring this place.
 F = Levels seen in this place.
 G = Mean time per level.
                   A        B        C        D        E       F      G
               +--------+--------+--------+--------+--------+-----+--------+
         Total |  18314 |  17520 |    794 |   4743 |   9595 |  18 | 1017.4 |
       Dungeon |  10842 |  10155 |    687 |   2032 |   6257 |  11 |  985.6 |
        Temple |     38 |     38 |      0 |      0 |      0 |   1 |   38.0 |
          Lair |   7252 |   7146 |    106 |   2711 |   3269 |   5 | 1450.4 |
       Ossuary |    181 |    181 |      0 |      0 |     69 |   1 |  181.0 |
               +--------+--------+--------+--------+--------+-----+--------+

Top non-repeatable levels by time:
    D:11: 2139 daAuts
  Lair:4: 1722 daAuts
  Lair:2: 1693 daAuts
  Lair:1: 1667 daAuts
  Lair:3: 1347 daAuts
    D:10: 1275 daAuts
     D:8: 1197 daAuts
     D:6: 1091 daAuts
     D:4: 983 daAuts
     D:7: 826 daAuts
  Lair:5: 821 daAuts
     D:2: 772 daAuts
     D:9: 721 daAuts
     D:3: 713 daAuts
     D:1: 686 daAuts
